 Dungeon Crawl Stone Soup version 0.29-a0-270-g1586fc07ea (webtiles) character file.

Game seed: 9004999988450802013

67 fragbeetle the Chopper (level 4, -4/42 HPs)
             Began as a Troll Gladiator on Mar 8, 2022.
             Slain by a gnoll
             ... wielding a +0 halberd
              (13 damage)
             ... on level 2 of the Dungeon.
             The game lasted 00:02:05 (1090 turns).

fragbeetle the Chopper (Troll Gladiator)            Turns: 1090, Time: 00:02:06

Health: -4/42      AC:  4    Str: 22    XL:     4   Next: 0%
Magic:  3/3        EV: 10    Int:  6    God:
Gold:   34         SH:  0    Dex: 11    Spells: 3/3 levels left

rFire   . . .      SeeInvis .   a - +0 war axe
rCold   . . .      Faith    .   (no shield)
rNeg    . . .      Spirit   .   b - +0 robe
rPois   .          Reflect  .   c - +0 hat
rElec   .          Harm     .   (no cloak)
rCorr   .          Rampage  .   (gloves unavailable)
Will    .....                   (boots unavailable)
Stlth   +.........              i - amulet of regeneration
HPRegen 1.74/turn               (no ring)
MPRegen 0.08/turn               (no ring)

@: no status effects
A: large, unfitting armour, claws 3, regeneration 1, shaggy fur 1, tough skin 1
a: no special abilities


You were on level 2 of the Dungeon.
You visited 1 branch of the dungeon, and saw 2 of its levels.

You collected 34 gold pieces.

Inventory:

Hand Weapons
 a - a +0 war axe (weapon)
Missiles
 d - 3 throwing nets (quivered)
 e - a large rock
 m - 2 poisoned darts
Armour
 b - a +0 robe (worn)
 c - a +0 hat (worn)
 o - a +0 kite shield
Magical Staves
 f - a staff of earth
Jewellery
 h - an amulet of reflection
 i - an amulet of regeneration (around neck)
Scrolls
 g - a scroll of teleportation {unknown}
 k - a scroll of amnesia {unknown}
 l - a scroll of enchant armour {unknown}
Potions
 j - a potion of brilliance {unknown}
 n - a potion of ambrosia {unknown}
 p - a potion of lignification {unknown}
 q - a potion of curing {unknown}
 r - a potion of heal wounds {unknown}


   Skills:
 - Level 2.0 Fighting
 + Level 3.4 Axes
 - Level 2.2 Throwing
 - Level 2.7 Dodging


You had 3 spell levels left.
You didn't know any spells.
Your spell library contained the following spells:

 Spells                   Type           Power      Damage    Failure   Level
 Blink                    Tloc           0%         N/A       58%         2
 Lesser Beckoning         Tloc           0%         N/A       83%         3
 Manifold Assault         Tloc           0%         N/A       100%        5


Dungeon Overview and Level Annotations

Branches:
Dungeon (2/15)

Altars:


Innate Abilities, Weirdness & Mutations

You are too large for most types of armour.
You have claws for hands.
Your natural rate of healing is unusually fast.
You are covered in fur. (AC +1)
You have tough skin. (AC +1)


Message History

You slash the gnoll!
The gnoll is severely wounded.
The gnoll hits you with a +0 halberd. The gnoll closely misses you.
You hit the gnoll but do no damage.
The gnoll is severely wounded.
The gnoll hits you with a +0 halberd. The gnoll barely misses you.
You hit the gnoll but do no damage. You claw the gnoll.
You kill the gnoll!
The gnoll hits you from afar with a +0 halberd.
You have reached level 4!
The gnoll hits you with a +0 halberd.
Things that are here:
a +0 halberd; a gnoll corpse You hit the gnoll.
The gnoll is lightly wounded.
The gnoll barely misses you. x2
You hit the gnoll.
The gnoll is moderately wounded.
The gnoll hits you with a +0 halberd.
You closely miss the gnoll.
The gnoll is moderately wounded.
The gnoll hits you with a +0 halberd!
You closely miss the gnoll.
The gnoll is moderately wounded.
The gnoll barely misses you. The gnoll hits you with a +0 halberd.
You closely miss the gnoll.
The gnoll is moderately wounded.
The gnoll hits you with a +0 halberd!
You are too injured to fight recklessly!
You are too injured to fight recklessly!
You hit the gnoll.
The gnoll is severely wounded.
The gnoll hits you with a +0 halberd!
* * * LOW HITPOINT WARNING * * *
You barely miss the gnoll.
The gnoll is severely wounded.
The gnoll hits you with a +0 halberd.
* * * LOW HITPOINT WARNING * * *
The gnoll hits you with a +0 halberd!
You die...

#.# #.# #.#
#####.#######
#............
######.###.######.
##......# #.# #
...####.# #.######.#####
#### #.# #.....@gg....#
#######......#####.###..
..............# #
.######.###.#.# ## #.#
#.#(# # # #.# #.... #
#######. ♣.♣##. ##
........ ..# .. #.
.####... ..


You could see 2 gnolls.

Vanquished Creatures
  3 gnolls
  A dart slug (D:1)
  4 ball pythons (D:1)
  An endoplasm (D:1)
  A giant cockroach (D:1)
  2 goblins
  5 hobgoblins
  6 jackals
  2 bats (D:1)
  4 kobolds
  5 rats
34 creatures vanquished.

Vanquished Creatures (others)
  3 plants
3 creatures vanquished.

Grand Total: 37 creatures vanquished

Notes
Turn   | Place    | Note
-------+----------+-------------------------------------------
     0 | D:1      | fragbeetle the Troll Gladiator began the quest for the Orb.
     0 | D:1      | Reached XP level 1. HP: 19/19 MP: 0/0
    58 | D:1      | Reached XP level 2. HP: 24/28 MP: 1/1
   156 | D:1      | Found a faded altar of an unknown god.
   503 | D:1      | Reached XP level 3. HP: 35/35 MP: 2/2
   710 | D:1      | Reached skill level 3 in Axes
   797 | D:2      | Identified the +1 ring mail of the Tuna {+Inv rC++ Regen+
                  | Dex-5}
  1083 | D:2      | Reached XP level 4. HP: 33/42 MP: 3/3
  1090 | D:2      | Slain by a gnoll

Illustrated notes

Levels and vault maps discovered:
D:1:      sevenhm_arrival_forest_fort_small_3, layout_basic,
          shapermc_ecumenical_altar_gd
D:2:      layout_loops_ring, serial_shops, nicolae_shop_hallway_stairs,
          serial_forest, infiniplex_forest_clump_medium,
          infiniplex_forest_clump_medium, infiniplex_forest_clump_cross,
          infiniplex_forest_straight_1, infiniplex_forest_clump_large,
          infiniplex_forest_lined_corner, infiniplex_forest_lined_4_way,
          infiniplex_forest_3_way, skrybe_limestone_x, st_stairs_7

Skill      XL: |  1  2  3 |
---------------+----------+-----
Throwing       | 2 |  2.2
Fighting       | 2 |  2.0
Axes           | 3 |  3.4
Dodging        | |  2.7

Action                   |  1- 3 |  4- 6 || total
-------------------------+-------+-------++-------
Melee: War axe           |    91 |     7 ||    98
       Punch             |     1 |       ||     1
 Stab: Sleeping          |     1 |       ||     1
Armor: Robe              |    37 |       ||    37
Dodge: Dodged            |    53 |     3 ||    56
Block: Other             |     3 |       ||     3

Table legend: (Time is in decaauts)
 A = Elapsed time spent in this place.
 B = Non-inter-level travel time spent in this place.
 C = Inter-level travel time spent in this place.
 D = Time resting spent in this place.
 E = Time spent auto-exploring this place.
 F = Levels seen in this place.
 G = Mean time per level.
                   A        B        C        D        E       F      G
               +--------+--------+--------+--------+--------+-----+--------+
         Total |   1125 |   1032 |     93 |      0 |    711 |   2 |  562.5 |
       Dungeon |   1125 |   1032 |     93 |      0 |    711 |   2 |  562.5 |
               +--------+--------+--------+--------+--------+-----+--------+

Top non-repeatable levels by time:
     D:1: 722 daAuts
     D:2: 402 daAuts
